Map: Acid Plant LE

Players

Syxe

  • Race: Zerg Zerg
  • League: Gold
  • Spawn Location: 5:00

Kozzy - Winner!

  • Race: Protoss Protoss
  • League: Gold
  • Spawn Location: 11:00

VOD

Have the link to the VOD?

Description

Time

  • Played on: April 1, 2018, 11:55 p.m.
  • Length: 7:04
Show
View Real Time Build Order
Export as new Build Order

Syxe Zerg 

Build Orders: Hatch First 

Get SALT Encoding   

  12  0:01  Drone  
  13  0:13  Overlord  
  13  0:20  Drone  
  14  0:31  Drone x2  
  16  0:49  Hatchery  
  15  0:56  Drone  
  16  1:09  Spawning Pool  
  15  1:13  Drone  
  15  1:17  Extractor  
  15  1:18  Drone  
  16  1:21  Drone  
  17  1:26  Drone  
  18  1:40  Drone  
  19  1:49  Overlord  
  19  2:01  Queen x2  
  19  2:04  Zergling x2  
  19  2:05  Zergling x2  
  25  2:24  Drone x3  
  28  2:30  Drone x2  
  28  2:35  Overlord  
  30  2:48  Lair  
  30  3:00  Zergling x6  
  30  3:01  Zergling x2  
  33  3:21  Drone x2  
  33  3:22  Drone x3  
  33  3:23  Overlord  
  38  3:40  Extractor  
  37  3:47  Evolution Chamber, Roach Warren  
  35  3:48  Evolution Chamber  
  35  3:52  Spine Crawler  
  33  4:03  Drone x3  
  33  4:04  Drone x7  
  33  4:05  Drone x2  
  45  4:27  Roach  
  45  4:28  Roach x2  
  45  4:29  Overlord x3  
  51  4:51  Roach x3  
  51  4:52  Roach x2  
  58  4:59  Roach  
  63  5:00  Roach x5  
  36  5:25  Roach x3  
  36  5:27  Zergling x2  
  28  5:37  Spine Crawler  
Show
View Real Time Build Order
Export as new Build Order

Kozzy Protoss - Winner!

Build Orders:  

Get SALT Encoding   

  12  0:00  Probe  
  13  0:13  Probe  
  14  0:17  Pylon  
  14  0:25  Probe  
  15  0:37  Probe  
  15  0:39  Gateway  
  16  0:48  Assimilator  
  16  0:49  Probe  
  17  1:01  Probe  
  18  1:13  Probe  
  19  1:19  Pylon  
  19  1:25  Probe  
  20  1:30  Cybernetics Core, Zealot  
  22  1:45  Probe  
  23  1:52  Gateway  
  25  2:04  Pylon, Warp Gate (Chrono Boost)  
  25  2:07  Stalker (Chrono Boost)  
  25  2:28  Twilight Council  
  25  2:31  Gateway  
  25  2:35  Gateway  
  25  2:37  Pylon  
  25  2:45  Zealot (Chrono Boost)  
  29  2:57  Zealot (Chrono Boost)  
  29  2:59  Pylon  
  29  3:02  Charge (Chrono Boost)  
  29  3:18  Zealot  
  31  3:20  Zealot x2  
  31  3:27  Pylon  
  35  3:37  Pylon  
  35  4:02  Zealot x4  
  43  4:22  Zealot x2  
  43  4:23  Zealot x2  
  51  4:43  Zealot x2  
  51  4:44  Zealot x2  
  55  5:19  Zealot  
  55  5:20  Zealot x3  
Tags
 
League
GoldGold
Matchup
PvZ
Spawn Locations
Cross Positions
Add a new tag
Caveats
  • Supply blocks, unpowered buildings, or Contaminate may cause inaccurate times.
  • Supply counts are checked every 10 seconds.